 Dungeon Crawl Stone Soup version 0.19.5 (webtiles) character file.

158078 Kagerus the Devastator (level 17, -3/128 HPs)
             Began as a Demonspawn Ice Elementalist on Feb 26, 2017.
             Was a High Priest of Sif Muna.
             Slain by a wolf spider (8 damage)
             ... on level 2 of the Spider Nest on Mar 9, 2017.
             The game lasted 06:25:27 (57794 turns).

Kagerus the Devastator (DsIE)                      Turns: 57794, Time: 06:25:30

Health: -3/128     AC: 19    Str: 10    XL:     17   Next: 13%
Magic:  14/34      EV:  2    Int: 23    God:    Sif Muna [*****.]
Gold:   2027       SH:  0    Dex: 15    Spells: 10 memorised, 5 levels left

rFire  + . .     SeeInvis .     C - +4 arbalest (chaos)
rCold  + + +     Gourm    .     W - +4 skin of Zhor {rC+++}
rNeg   + + +     Faith    .     (shield currently unavailable)
rPois  ∞         Spirit   .     l - +2 helmet
rElec  .         Reflect  .     L - +1 cloak
rCorr  +         Harm     .     v - +0 pair of gloves
MR     +....                    g - +2 pair of boots of the Assassin {DetectMon Stab+ Stlth++}
Stlth  ++++......               G - amulet of magic regeneration
                                e - ring of the Mantidfly {rCorr rF+ rC+ rN+ Dex-3}
                                p - +5 ring of dexterity

@: petrified, repel missiles
A: claws 2, slimy green scales 3, cold resistance 1, foul stench 1, rot
immunity, freezing cloud immunity
a: Divine Energy, Channel Magic, Forget Spell, Renounce Religion


You were on level 2 of the Spider Nest.
You worshipped Sif Muna.
Sif Muna was extremely pleased with you.
You were not hungry.

You visited 6 branches of the dungeon, and saw 27 of its levels.
You also visited: Bailey and Ice Cave.

You collected 3035 gold pieces.
You spent 1008 gold pieces at shops.

Inventory:

Hand Weapons
 B - a +0 blowgun
 C - a +4 arbalest of chaos (weapon)
 V - the +10 long sword "Idwushra" {elec, rElec}
   (You took it off an orc warrior on level 14 of the Dungeon)

   Occasionally, upon striking a foe, it will discharge some electrical energy
   and cause terrible harm.
   It insulates you from electricity.
Missiles
 y - 485 bolts (quivered)
 I - 8 curare-tipped needles
 Z - 51 poisoned needles
Armour
 g - the +2 pair of boots of the Assassin (worn) {DetectMon Stab+ Stlth++}
   (You bought it in a shop on level 2 of the Orcish Mines)

   It makes you much more stealthy.
 l - a +2 helmet (worn)
 v - a +0 pair of gloves (worn)
 L - a +1 cloak (worn)
 M - a +2 hat
 W - the +4 skin of Zhor (worn) {rC+++}
   (You took it off an orc warrior on level 14 of the Dungeon)

   It renders you almost immune to cold.
Jewellery
 e - the ring of the Mantidfly (right hand) {rCorr rF+ rC+ rN+ Dex-3}
   (You found it on level 1 of the Swamp)

   [ring of resist corrosion]

   It affects your dexterity (-3).
   It protects you from fire.
   It protects you from cold.
   It protects you from negative energy.
 p - a +5 ring of dexterity (left hand)
 G - an amulet of magic regeneration (around neck)
Wands
 h - a wand of iceblast (5/15)
 i - a wand of hasting (4/9)
 o - a wand of disintegration (10/24)
 z - a wand of digging (7/24)
 D - a wand of lightning (12/15)
 T - a wand of acid (8/15)
 X - a wand of acid (5/15)
Scrolls
 a - 2 scrolls of teleportation
 r - 3 scrolls of magic mapping
 s - 11 scrolls of remove curse
 A - a scroll of identify
 J - 4 scrolls of recharging
Potions
 f - 8 potions of flight
 j - a potion of magic
 m - a potion of experience {unknown}
 n - 4 potions of brilliance
 t - 7 potions of lignification
 F - 2 potions of resistance
 K - a potion of cancellation
 P - a potion of berserk rage
 Q - a potion of cure mutation
Books
 u - Faf Onu's Guide on Confrontation
   (Sif Muna gifted it to you on level 1 of the Spider Nest)

   Spells                             Type                      Level
   a - Shock                          Conjuration/Air              1
   b - Static Discharge               Conjuration/Air              3
   c - Bolt of Magma                  Conjuration/Fire/Earth       5
   d - Freezing Cloud                 Conjuration/Ice/Air          6
   e - Delayed Fireball               Conjuration/Fire             7
Miscellaneous
 k - a lamp of fire (inert)
 N - a box of beasts
Comestibles
 c - 24 bread rations
 w - a royal jelly


   Skills:
 - Level 10.0 Fighting
 - Level 7.8 Crossbows
 - Level 10.8 Dodging
 - Level 1.7 Stealth
 + Level 13.1 Spellcasting
 - Level 15.2 Conjurations
 - Level 5.8 Summonings
 - Level 3.2 Translocations
 - Level 2.4 Fire Magic
 - Level 12.0 Ice Magic
 - Level 5.3 Air Magic
 - Level 3.3 Poison Magic


You had 5 spell levels left.
You knew the following spells:

 Your Spells              Type           Power        Failure   Level  Hunger
a - Throw Icicle          Conj/Ice       ######..     1%          4    None
b - Blink                 Tloc           N/A          1%          2    None
c - Mephitic Cloud        Conj/Pois/Air  ######..     1%          3    None
d - Conjure Flame         Conj/Fire      ######..     1%          3    None
f - Fireball              Conj/Fire      ######....   3%          5    ###....
i - Summon Ice Beast      Ice/Summ       ######..     1%          4    None
s - Venom Bolt            Conj/Pois      ######....   2%          5    ###....
x - Ozocubu's Armour      Chrm/Ice       #####...     1%          3    None
C - Freezing Cloud        Conj/Ice/Air   ######....   10%         6    #####..
R - Repel Missiles        Chrm/Air       ####..       2%          2    None


Dungeon Overview and Level Annotations

Branches:
Dungeon (15/15)            Temple (1/1) D:7            Lair (6/6) D:11
  Swamp (1/4) Lair:2       Spider (2/4) Lair:2        Slime (0/5) Lair:5
    Orc (2/2) D:9             Elf (0/3) Orc:2        Vaults (0/5) D:14
 Depths (0/5) D:15

Altars:
Ashenzari
Cheibriados
Dithmenos
Elyvilon
Fedhas
Gozag
Hepliaklqana
Kikubaaqudgha
Makhleb
Nemelex Xobeh
Okawaru
Qazlal
Ru
Sif Muna
Trog
Uskayaw
Vehumet
Xom
Yredelemnul
Zin
The Shining One
Beogh
Lugonu

Shops:
D:7 [   D:11 }   Orc:1 (   Orc:2 !([*

Portals:
Hell: Lair:6
Trove: D:12 (give 8 potions of agility)

Annotations:
D:2 ogre
Spider:2 Jorgrun


Innate Abilities, Weirdness & Mutations

You have very sharp fingernails.
You are completely covered in slimy green scales. (AC +4, rPois)
Your flesh is cold resistant. (rC+)
You may emit foul miasma when damaged in melee.
You are immune to rotting.
You are immune to freezing clouds.


Message History

The demonic crawler hits you.
* * * LOW HITPOINT WARNING * * *
Jorgrun is engulfed in freezing vapours.
Jorgrun mutters some incantations to himself.
Jorgrun hits you with a quarterstaff of crushing!
* * * LOW HITPOINT WARNING * * *
x2 The demonic crawler barely misses you.
The demonic crawler hits you but does no damage. x2
Jorgrun is engulfed in freezing vapours.
Jorgrun hits you but does no damage. The demonic crawler hits you.
* * * LOW HITPOINT WARNING * * *
The demonic crawler hits you but does no damage. x2
Jorgrun is engulfed in freezing vapours.
Jorgrun hits you with a quarterstaff of crushing.
The demonic crawler hits you but does no damage.
The demonic crawler hits you!
* * * LOW HITPOINT WARNING * * *
The demonic crawler hits you but does no damage.
The wolf spider hits you!
You die...

........#[#
....###.≈≈.##"
#≈... ...
##[#≈...##.#≈.
. ## ^...#≈..
..# #...#≈.
.≈. #.....
..##
#.§§§###....#
#.§§g..≈≈≈^#
#.@...≈#≈#
#ss#..≈^#
..s.##...##
...... ##..#
......# #..##
#....# ##...#
#..## #..<.##
#.. #..##.#
#....##≈#


You could see Jorgrun, a demonic crawler and 2 wolf spiders.

Vanquished Creatures
  Kirke (Lair:2)
  A frost giant (IceCv)
  The ghost of toffzen the Thaumaturge, a journeyman DECj of Vehumet (D:15)
  2 dire elephants
  Snorg (D:14)
  An ettin (Orc:1)
  A fire dragon (D:15)
  Josephine (D:14)
  A hell beast (Lair:6)
  7 hydras
  A vault guard (D:14)
  11 centaur warriors
  3 death knights
  A death yak (IceCv)
  An ogre mage (D:15)
  4 alligators (Swamp:1)
  Urug (Orc:1)
  A skeletal warrior (D:14)
  5 unseen horrors
  6 hill giants
  A phantasmal warrior (D:14)
  3 orc knights
  A wizard (Lair:6)
  8 orb spiders
  2 oklob plants (Lair:3)
  2 orc sorcerers (Orc:2)
  5 wolf spiders
  40 ugly things
  2 deep elf magi
  3 manticores
  19 elephants
  3 black mambas
  8 cyclopes
  A black mamba (shapeshifter) (D:15)
  A gargoyle (D:14)
  2 moths of wrath (Spider:1)
  An ice statue (IceCv)
  3 orange demons
  An eye of devastation (Lair:5)
  18 spiny frogs
  4 rime drakes
  15 komodo dragons
  3 kobold demonologists (D:13)
  3 demonic crawlers (Spider:1)
  A hellwing (Lair:6)
  An ice devil (Lair:6)
  5 freezing wraiths
  A queen bee (Lair:3)
  6 trolls
  13 polar bears (IceCv)
  The ghost of toffzen the Destroyer, a novice DECj (D:6)
  A tengu conjurer (D:13)
  3 red devils (Lair:6)
  8 jumping spiders (Spider:1)
  A hornet (Swamp:1)
  10 slime creatures
  12 dream sheep
  6 two-headed ogres
  21 blink frogs
  15 hippogriffs
  A bog body (Swamp:1)
  4 shadows
  16 redbacks
  10 tarantellas (Spider:1)
  7 wraiths
  73 yaks
  6 hogs (Spider:1)
  A vampire (D:14)
  4 wyverns
  3 hungry ghosts
  The ghost of tschems the Shield-Bearer, an amateur HuFi of Okawaru (D:3)
  5 vampire mosquitoes (D:14)
  7 basilisks
  10 insubstantial wisps (Swamp:1)
  A mottled dragon (D:13)
  4 swamp worms (Swamp:1)
  2 wargs
  17 water moccasins
  2 swamp drakes (Swamp:1)
  2 black bears
  6 porcupines
  10 ice beasts
  3 phantoms
  A necrophage (D:12)
  58 orc warriors
  8 sky beasts
  18 ogres
  2 eyes of draining
  23 crocodiles
  28 centaurs
  41 wolves
  2 big kobolds
  A gnoll sergeant (D:8)
  18 bullfrogs
  2 scorpions
  42 killer bees
  2 electric eels
  8 howler monkeys
  5 crimson imps
  2 bullfrog zombies
  6 centaur zombies
  A quasit (D:11)
  A jelly (D:11)
  9 orc priests
  7 hounds
  8 centaur skeletons
  3 iguanas
  3 bullfrog skeletons
  25 orc wizards
  4 hell rats (Lair:3)
  11 worker ants
  Natasha (thrice) (D:2)
  A killer bee zombie (D:9)
  3 hound zombies
  A hound skeleton (D:7)
  2 worker ant zombies
  5 gnolls
  11 adders
  6 shadow imps
  3 oozes
  2 adder skeletons
  7 worms
  3 leopard geckos
  91 orcs
  3 ball pythons
  5 giant cockroaches
  11 hobgoblins
  4 jackals
  21 kobolds
  5 quokkas
  10 bats
  7 frilled lizards
  10 goblins
  A jackal skeleton (D:3)
  A leopard gecko skeleton (D:4)
  A quokka zombie (D:5)
  9 rats
  A fungus (Lair:3)
  3 plants
1069 creatures vanquished.

Vanquished Creatures (collateral kills)
  5 hydras
  A centaur warrior (D:10)
  2 ugly things (D:14)
  An orange demon (Lair:6)
  A gargoyle (D:9)
  A komodo dragon (D:15)
  A hippogriff (D:6)
  A slime creature (D:6)
  2 basilisks
  8 yaks
  A hungry ghost (D:14)
  3 water moccasins
  An ice beast (D:15)
  2 orc warriors
  A black bear (D:9)
  A wolf (Lair:6)
  5 ogres
  4 centaurs
  3 crocodiles
  3 bullfrogs
  5 killer bees (Lair:3)
  4 howler monkeys
  2 bullfrog zombies
  A hound (D:9)
  A gnoll shaman (D:5)
  6 jellies
  3 orc priests (D:5)
  2 worker ants
  An orc wizard (D:6)
  A howler monkey zombie (D:7)
  An adder (D:8)
  5 gnolls
  A shadow imp (D:10)
  10 oozes (D:6)
  16 orcs
  A goblin (D:2)
  2 leopard gecko skeletons (D:8)
109 creatures vanquished.

Vanquished Creatures (others)
  A rime drake (Lair:3)
  A redback (Spider:2)
  A basilisk (Lair:3)
  An orc warrior (Orc:2)
  2 centaurs (Orc:2)
  A killer bee (Lair:3)
  3 bushes (Lair:6)
  25 fungi
  14 plants
49 creatures vanquished.

Grand Total: 1227 creatures vanquished

Notes
Turn   | Place    | Note
-------+----------+-------------------------------------------
     0 | D:1      | Kagerus the Demonspawn Ice Elementalist began the quest for the Orb.
     0 | D:1      | Reached XP level 1. HP: 13/13 MP: 3/3
   363 | D:1      | Gained mutation: You have sharp fingernails. [demonic ancestry]
   363 | D:1      | Reached XP level 2. HP: 8/19 MP: 3/5
   603 | D:1      | Learned a level 2 spell: Throw Frost
  1447 | D:2      | Reached XP level 3. HP: 16/24 MP: 0/6
  1768 | D:2      | Noticed Natasha
  1776 | D:2      | Learned a level 3 spell: Ozocubu's Armour
  1822 | D:2      | Killed Natasha
  2042 | D:2      | Reached XP level 4. HP: 25/30 MP: 7/7
  2155 | D:2      | Noticed Natasha
  2547 | D:2      | Killed Natasha
  2665 | D:2      | Noticed Natasha
  2672 | D:2      | Killed Natasha
  2672 | D:2      | Reached XP level 5. HP: 30/35 MP: 3/8
  3102 | D:3      | Found an opulent altar of Gozag.
  3497 | D:3      | Found a glowing silver altar of Zin.
  3593 | D:3      | Found a blossoming altar of Fedhas.
  3595 | D:3      | Found an ancient bone altar of Kikubaaqudgha.
  3603 | D:3      | Noticed tschems's ghost (amateur HuFi)
  4012 | D:3      | HP: 1/35 [tschems's ghost (9)]
  4222 | D:3      | Killed tschems's ghost
  4222 | D:3      | Reached skill level 5 in Ice Magic
  4222 | D:3      | Reached XP level 6. HP: 19/41 MP: 4/9
  5270 | D:4      | Reached skill level 2 in Conjurations
  5674 | D:4      | Found a shadowy altar of Dithmenos.
  7239 | D:5      | Entered Level 5 of the Dungeon
  7362 | D:5      | Noticed a sky beast
  7370 | D:5      | Killed a sky beast
  7370 | D:5      | Reached XP level 7. HP: 46/46 MP: 0/11
  7733 | D:5      | Learned a level 4 spell: Summon Ice Beast
  7879 | D:5      | Reached skill level 1 in Fighting
  7941 | D:5      | You fall through a shaft!
  7982 | D:6      | Noticed toffzen's ghost (novice DECj)
  7990 | D:6      | Found a basalt altar of Yredelemnul.
  8013 | D:6      | Killed toffzen's ghost
  8013 | D:6      | Reached XP level 8. HP: 34/60 MP: 7/14
  8247 | D:6      | Noticed a hippogriff
  8352 | D:6      | Killed a hippogriff
  8352 | D:6      | Reached skill level 1 in Summonings
  9116 | D:5      | Reached skill level 3 in Conjurations
 10718 | D:6      | Reached skill level 5 in Summonings
 10746 | D:6      | Noticed a slime creature
 10766 | D:6      | Killed a slime creature
 11009 | D:6      | Learned a level 2 spell: Blink
 11013 | D:6      | Learned a level 3 spell: Mephitic Cloud
 11036 | D:6      | Reached skill level 4 in Conjurations
 11036 | D:6      | Gained mutation: Your flesh is cold resistant. (rC+) [demonic ancestry]
 11036 | D:6      | Reached XP level 9. HP: 57/65 MP: 4/15
 11123 | D:7      | Found Juppeuki's Armour Boutique.
 11133 | D:7      | Found a glowing golden altar of the Shining One.
 11162 | D:7      | Found a flagged portal.
 11171 | Bailey   | Entered a bailey
 11461 | Bailey   | Reached skill level 5 in Conjurations
 11608 | Bailey   | Reached skill level 5 in Fighting
 11920 | Bailey   | Reached skill level 5 in Spellcasting
 12312 | Bailey   | Reached skill level 1 in Poison Magic
 12427 | Bailey   | Learned a level 2 spell: Repel Missiles
 12707 | D:7      | Found a hide-covered altar of Uskayaw.
 12710 | D:7      | Got a glittering jade ring
 12713 | D:7      | Found a sacrificial altar of Ru.
 12731 | D:7      | Found a staircase to the Ecumenical Temple.
 12767 | Temple   | Entered the Ecumenical Temple
 12839 | Temple   | Became a worshipper of Sif Muna the Loreminder
 13247 | D:7      | Gained mutation: You are immune to freezing clouds. [demonic ancestry]
 13247 | D:7      | Reached XP level 10. HP: 77/77 MP: 15/19
 13459 | D:7      | Learned a level 3 spell: Conjure Flame
 14226 | D:8      | Reached skill level 5 in Dodging
 14481 | D:8      | Reached skill level 6 in Conjurations
 14607 | D:8      | Reached * piety under Sif Muna
 14887 | D:7      | Identified the ring "Weilop" {rN+ Int+4} (You found it on level 7 of the Dungeon)
 16077 | D:9      | Reached skill level 1 in Translocations
 16739 | D:9      | Found a staircase to the Orcish Mines.
 17110 | D:9      | Found a sparkling altar of Nemelex Xobeh.
 17110 | D:9      | Found a faded altar of an unknown god.
 17115 | D:9      | Found a faded altar of an unknown god.
 17117 | D:9      | Found a faded altar of an unknown god.
 17119 | D:9      | Found a faded altar of an unknown god.
 17201 | D:10     | Entered Level 10 of the Dungeon
 17310 | D:7      | Bought a +1 robe of the Archmagi for 457 gold pieces
 17451 | D:10     | Reached ** piety under Sif Muna
 17551 | D:10     | Noticed a centaur warrior
 17553 | D:10     | Noticed a gargoyle
 17907 | D:9      | Killed a gargoyle
 18084 | D:9      | Reached skill level 1 in Fire Magic
 18401 | D:10     | Killed an unseen horror
 18769 | D:10     | Killed a centaur warrior
 18769 | D:10     | Gained mutation: You have very sharp fingernails. [demonic ancestry]
 18769 | D:10     | Reached XP level 11. HP: 14/84 MP: 1/20
 18940 | D:10     | Reached skill level 7 in Conjurations
 19147 | D:10     | Noticed a hill giant
 19259 | D:10     | Killed a hill giant
 19534 | D:10     | Reached *** piety under Sif Muna
 19706 | D:10     | Got a heavily runed chain mail
 19775 | D:10     | Identified the cursed +0 chain mail of the Original Sin {rElec} (You found it on level 10 of the Dungeon)
 19791 | D:10     | Identified a scroll of acquirement
 21021 | D:10     | Killed an unseen horror
 21025 | D:10     | Reached skill level 8 in Conjurations
 22121 | D:11     | Reached skill level 9 in Conjurations
 22156 | D:11     | Found Xaunil's Gadget Shop.
 22237 | D:11     | Learned a level 4 spell: Throw Icicle
 22402 | D:11     | Found a staircase to the Lair.
 22627 | Lair:1   | Entered Level 1 of the Lair of Beasts
 22922 | Lair:1   | Reached skill level 1 in Crossbows
 23338 | Lair:1   | Noticed a seven-headed hydra
 23361 | Lair:1   | Killed a seven-headed hydra
 24244 | Lair:2   | Reached skill level 10 in Conjurations
 24306 | Lair:2   | Found a staircase to the Swamp.
 24603 | Lair:2   | Noticed a six-headed hydra
 24667 | Lair:2   | Killed a six-headed hydra
 24688 | Lair:2   | Reached XP level 12. HP: 22/91 MP: 0/21
 25356 | Lair:2   | Found a hole to the Spider Nest.
 25775 | Lair:2   | Reached skill level 11 in Conjurations
 26703 | Lair:3   | Reached skill level 5 in Crossbows
 26911 | Lair:3   | Noticed a seven-headed hydra
 26930 | Lair:3   | Killed a seven-headed hydra
 26930 | Lair:3   | Reached **** piety under Sif Muna
 26930 | Lair:3   | Reached skill level 12 in Conjurations
 27552 | Lair:3   | Noticed an eight-headed hydra
 27611 | Lair:3   | Killed an eight-headed hydra
 28402 | Lair:3   | Noticed a seven-headed hydra
 28421 | Lair:3   | Killed a seven-headed hydra
 28599 | Lair:3   | Noticed a six-headed hydra
 28622 | Lair:3   | Killed a six-headed hydra
 28839 | Lair:3   | Gained mutation: You are partially covered in slimy green scales. (AC +2) [demonic ancestry]
 28839 | Lair:3   | Reached XP level 13. HP: 58/96 MP: 1/24
 29435 | Lair:3   | Reached ***** piety under Sif Muna
 29754 | Lair:3   | Identified Muer's Catalogue of Calling (Sif Muna gifted it to you on level 3 of the Lair of Beasts)
 29754 | Lair:3   | Received a gift from Sif Muna
 31553 | Lair:5   | Found a staircase to the Slime Pits.
 32547 | Lair:6   | Entered Level 6 of the Lair of Beasts
 33222 | Lair:6   | Noticed a dire elephant
 33471 | Lair:5   | Killed a dire elephant
 33721 | Lair:5   | Reached skill level 10 in Fighting
 34230 | Lair:6   | Reached skill level 10 in Dodging
 34687 | Lair:6   | Gained mutation: You are mostly covered in slimy green scales. (AC +3) [demonic ancestry]
 34687 | Lair:6   | Reached XP level 14. HP: 108/110 MP: 18/27
 35996 | Lair:6   | Identified Sif Muna's Tome of Intoxication and the Snowflakes (Sif Muna gifted it to you on level 6 of the Lair of Beasts)
 35996 | Lair:6   | Received a gift from Sif Muna
 36439 | Lair:5   | Reached skill level 10 in Spellcasting
 36588 | Lair:6   | Reached skill level 1 in Air Magic
 36993 | Lair:6   | Found a burning altar of Makhleb.
 37431 | Lair:5   | Learned a level 6 spell: Freezing Cloud
 37967 | Lair:6   | Found a gateway to Hell.
 38662 | Lair:6   | Upgraded the game from 0.19.4-12-gccf7e64 to 0.19.4-25-g1b72edd
 38950 | D:9      | Learned a level 5 spell: Venom Bolt
 38952 | Orc:1    | Entered Level 1 of the Orcish Mines
 39323 | Orc:1    | Found Unoul's Antique Weapon Shop.
 39408 | Orc:2    | Entered Level 2 of the Orcish Mines
 39491 | Orc:2    | Found a staircase to the Elven Halls.
 40237 | Orc:1    | Noticed Urug
 40243 | Orc:1    | Killed Urug
 40243 | Orc:1    | Identified Sif Muna's Papyrus of Fiery Protection (Sif Muna gifted it to you on level 1 of the Orcish Mines)
 40243 | Orc:1    | Received a gift from Sif Muna
 40309 | Orc:1    | You fall through a shaft!
 40667 | Orc:2    | Reached skill level 5 in Air Magic
 41925 | Orc:2    | Found Necsuni's Antique Armour Boutique.
 41925 | Orc:2    | Found Owkeagge's Antique Weapon Shoppe.
 41927 | Orc:2    | Found Hoskar's Distillery.
 41929 | Orc:2    | Found Fagha's General Store.
 41942 | Orc:2    | Bought a potion of heal wounds for 65 gold pieces
 41942 | Orc:2    | Bought a potion of heal wounds for 65 gold pieces
 41960 | Orc:2    | Bought a scroll of teleportation for 42 gold pieces
 41960 | Orc:2    | Bought the +2 pair of boots of the Assassin {DetectMon Stab+ Stlth++} for 379 gold pieces
 42218 | Orc:1    | Found a roughly hewn altar of Beogh.
 42895 | D:12     | Gained mutation: You are completely covered in slimy green scales. (AC +4, rPois) [demonic ancestry]
 42895 | D:12     | Reached XP level 15. HP: 115/115 MP: 15/29
 43789 | D:12     | Found a portal to a secret trove of treasure.
 44059 | D:13     | Reached skill level 10 in Ice Magic
 44151 | D:13     | Found a stormy altar of Qazlal.
 44570 | D:13     | Found a corrupted altar of Lugonu.
 45609 | D:13     | Received a gift from Sif Muna
 46431 | D:13     | Upgraded the game from 0.19.4-25-g1b72edd to 0.19.5
 46447 | D:14     | Noticed Snorg
 46458 | D:14     | Killed Snorg
 47251 | D:14     | Found a gate to the Vaults.
 47638 | D:14     | Noticed Josephine
 47654 | D:14     | Killed Josephine
 47719 | D:14     | Got a polished broad axe {freeze}
 47726 | D:14     | Identified the +1 broad axe of Vurph {freeze, MR+} (You took it off an orc warrior on level 14 of the Dungeon)
 48639 | D:14     | Received a gift from Sif Muna
 48974 | D:14     | Gained mutation: You are immune to rotting. [demonic ancestry]
 48974 | D:14     | Reached XP level 16. HP: 122/122 MP: 23/32
 49488 | D:14     | Got an uncursed faintly glowing long sword {elec}
 49556 | D:14     | Found an iron altar of Okawaru.
 49643 | D:14     | Identified the +10 long sword "Idwushra" {elec, rElec} (You took it off an orc warrior on level 14 of the Dungeon)
 49728 | Lair:1   | Learned a level 5 spell: Fireball
 49896 | D:15     | Entered Level 15 of the Dungeon
 49910 | D:15     | Found a frozen archway.
 49986 | IceCv    | Entered an ice cave
 50956 | IceCv    | Reached skill level 13 in Conjurations
 51261 | IceCv    | Identified the Compendium of Snow and Transmutation
 51477 | D:15     | Identified Sif Muna's Handbook of Summoning (Sif Muna gifted it to you on level 15 of the Dungeon)
 51477 | D:15     | Received a gift from Sif Muna
 51490 | D:15     | Noticed toffzen's ghost (journeyman DECj)
 51511 | D:15     | Killed toffzen's ghost
 52698 | D:15     | Reached skill level 14 in Conjurations
 52886 | D:15     | Found a staircase to the Depths.
 53383 | Swamp:1  | Entered Level 1 of the Swamp
 53732 | Swamp:1  | Got a translucent iron ring
 54232 | Swamp:1  | Identified the ring of the Mantidfly {rCorr rF+ rC+ rN+ Dex-3} (You found it on level 1 of the Swamp)
 54735 | Spider:1 | Entered Level 1 of the Spider Nest
 55288 | Spider:1 | Identified Faf Onu's Guide on Confrontation (Sif Muna gifted it to you on level 1 of the Spider Nest)
 55288 | Spider:1 | Received a gift from Sif Muna
 55528 | Spider:1 | Reached skill level 15 in Conjurations
 55602 | Spider:1 | Noticed Kirke
 55606 | Spider:1 | Gained mutation: You may emit foul miasma when damaged in melee. [demonic ancestry]
 55606 | Spider:1 | Reached XP level 17. HP: 128/128 MP: 9/33
 56973 | Lair:2   | Killed Kirke
 57781 | Spider:2 | Noticed Jorgrun
 57794 | Spider:2 | HP: 5/128 [demonic crawler (3)]
 57794 | Spider:2 | Slain by a wolf spider

Skill      XL: |  1  2  3  4  5  6  7  8  9 10 11 12 13 14 15 16 17 |
---------------+----------------------------------------------------+-----
Ice Magic      | 3 4 5 9 10 11 12 | 12.0
Dodging        | 2 3 4 7 8 10 | 10.8
Conjurations   | 2 4 5 6 10 12 15 | 15.2
Spellcasting   | 4 6 7 9 10 12 13 | 13.1
Fighting       | 4 6 7 10 | 10.0
Summonings     | 5 |  5.8
Poison Magic   | 3 |  3.3
Translocations | 3 |  3.2
Fire Magic     | 2 |  2.4
Crossbows      | 3 6 7 |  7.8
Air Magic      | 5 |  5.3
Stealth        | |  1.7

Action                   |  1- 3 |  4- 6 |  7- 9 | 10-12 | 13-15 | 16-18 || total
-------------------------+-------+-------+-------+-------+-------+-------++-------
Melee: Dagger            |    78 |   204 |   224 |   460 |   496 |       ||  1462
       Unarmed           |     3 |       |       |       |       |     6 ||     9
       Spear             |       |       |       |    99 |       |       ||    99
       Long sword        |       |       |       |       |       |    93 ||    93
       Arbalest          |       |       |       |       |       |     1 ||     1
 Fire: Arbalest          |       |       |       |   223 |   511 |   251 ||   985
       Blowgun           |       |       |       |       |   138 |       ||   138
Throw: Javelin           |       |       |     6 |    15 |       |       ||    21
       Throwing net      |       |       |     1 |     4 |     1 |       ||     6
 Cast: Freeze            |    32 |    70 |    61 |   129 |    78 |       ||   370
       Throw Frost       |    11 |    28 |    49 |    78 |       |       ||   166
       Summon Ice Beast  |       |       |    30 |    42 |    26 |     6 ||   104
       Mephitic Cloud    |       |       |    29 |   137 |    96 |    12 ||   274
       Ozocubu's Armour  |       |       |     5 |     1 |    21 |    11 ||    38
       Blink             |       |       |     1 |    56 |    88 |    20 ||   165
       Repel Missiles    |       |       |     1 |     3 |     7 |     2 ||    13
       Conjure Flame     |       |       |       |    42 |    45 |    18 ||   105
       Throw Icicle      |       |       |       |    85 |   318 |    60 ||   463
       Freezing Cloud    |       |       |       |       |    70 |    49 ||   119
       Venom Bolt        |       |       |       |       |    86 |    65 ||   151
       Fireball          |       |       |       |       |       |    25 ||    25
Invok: Channel Magic     |       |       |       |       |     2 |       ||     2
Evoke: Wand              |       |     8 |     4 |     9 |    13 |       ||    34
       Lamp of fire      |       |       |       |       |       |     1 ||     1
  Use: Scroll            |     2 |     7 |     7 |    18 |    14 |    10 ||    58
       Potion            |       |     4 |     3 |     3 |     4 |    10 ||    24
 Stab: Sleeping          |     1 |     3 |     2 |       |     2 |       ||     8
       Distracted        |       |     2 |       |       |       |     1 ||     3
       Confused          |       |       |     4 |    13 |     3 |       ||    20
       Held in net/web   |       |       |     1 |       |       |       ||     1
  Eat: Chunk             |     5 |    11 |    19 |    42 |    57 |    17 ||   151
       Meat ration       |       |     1 |     1 |     2 |     6 |     3 ||    13
       Fruit             |       |     1 |     3 |     2 |     1 |       ||     7
       Beef jerky        |       |     1 |       |     5 |     6 |     2 ||    14
       Royal jelly       |       |       |       |     1 |     1 |     4 ||     6
       Pizza             |       |       |       |     1 |     1 |     4 ||     6
Armor: Robe              |    39 |    30 |    43 |   131 |   240 |       ||   483
       Skin              |       |       |       |    16 |       |     9 ||    25
       Animal skin       |       |       |       |       |     5 |   152 ||   157
Dodge: Dodged            |    87 |   195 |   244 |   704 |  1000 |   520 ||  2750
       Deflected         |       |       |     1 |     4 |    50 |     9 ||    64
       Rpst.: Long sword |       |       |       |       |       |    37 ||    37
